[Event "WWRR Elo 2018"]
[Site "Wachtebeke"]
[Date "2018.02.12"]
[Round "4"]
[White "Van Malder, Dries"]
[Black "Van Houtte, Randy"]
[Result "1-0"]
[ECO "D35"]
[WhiteElo "2032"]
[BlackElo "2067"]
[Annotator "NA RC"]
[PlyCount "73"]
[EventDate "2018.??.??"]
[EventCountry "BEL"]
[SourceTitle "playchess.com"]
[Source "ChessBase"]
[SourceQuality "1"]
[TimeControl "40/5400+30:900+30"]

1. d4 d5 2. c4 e6 3. Nc3 Nf6 4. cxd5 exd5 5. Bg5 Be7 6. e3 c6 7. Bd3 h6 8. Bh4 Be6 9. Nge2 {[%emt 0:00:09] D35: Queen's Gambit Declined: Exchange Variation} Qd7 (9... O-O 10. O-O Re8 11. Qc2 Nbd7 12. a3 Nh5 13. Bxe7 Qxe7 14. b4 Nb6 15. Na4 Nxa4 16. Qxa4 a6 17. Qc2 g6 18. Rfc1 Ng7 19. Rab1 Bf5 {½-½ (56) Bjuhr,A (2498)-Rozenberg,D (2434) ICCF email 2011}) 10. O-O $146 ({Predecessor:} 10. Qc2 b5 11. Nf4 Bg4 12. Bxf6 Bxf6 13. Nfxd5 Bd8 14. Nf4 Na6 15. a3 Nc7 16. Ne4 {1-0 (43) Prieto Velasco,R (1762)-Hogerhorst,T (1957) Goch 2011}) 10... Bf5 11. f3 Bxd3 12. Qxd3 Na6 13. e4 (13. Rae1 $14) 13... Nb4 (13... Nxe4 $11 {keeps the balance.} 14. fxe4 Bxh4) 14. Qb1 dxe4 15. fxe4 Ng4 16. Bxe7 Qxe7 17. Qc1 Qg5 18. Nf4 O-O (18... O-O-O $16) 19. a3 Na6 20. h3 Nf6 {[%emt 0:02:29] [#]} 21. e5 $1 Nh7 22. Ne4 Qd8 23. Nd6 Nc7 24. Qc4 Nb5 25. Nxb5 cxb5 {[%emt 0:00:14] [#]} 26. Qd3 $1 ({Don't play} 26. Qxb5 $6 Qxd4+ 27. Kh1 Rae8 $11) 26... Qb6 (26... Re8 $16 27. Rae1 Rc8) 27. Nd5 Qa5 28. b4 Qa4 $2 {[%emt 0:01:02] [#]} (28... Qd8 {was necessary.}) 29. e6 $1 fxe6 30. Ne7+ Kh8 31. Ng6+ Kg8 32. Nxf8 Nxf8 33. Rac1 Qa6 34. Rc7 e5 35. Rff7 Ne6 {[%emt 0:01:00] [#]} 36. Qg6 $1 Kh8 {[%emt 0:00:39] [#]} 37. Rxg7 1-0

[Event "WWRR Elo 2018"]
[Site "Wachtebeke"]
[Date "2018.02.12"]
[Round "4"]
[White "Van De Wynkele, Eric"]
[Black "Verheyen, Olivier"]
[Result "1-0"]
[ECO "C54"]
[WhiteElo "2016"]
[BlackElo "2001"]
[Annotator "NA RC"]
[PlyCount "94"]
[EventDate "2018.??.??"]
[EventCountry "BEL"]
[SourceTitle "playchess.com"]
[Source "ChessBase"]
[SourceQuality "1"]
[TimeControl "40/5400+30:900+30"]

1. e4 e5 2. Nf3 Nc6 3. Bc4 Bc5 4. c3 Nf6 5. d3 a6 6. h3 {[%emt 0:01:47] C54: Giuoco Piano: 4 c3 Nf6, main lines with 5 d4 and 5 d3} (6. a4 d6 7. O-O h6 8. Re1 O-O 9. h3 Re8 10. b4 Ba7 11. Nbd2 Qe7 12. Nf1 Be6 13. Be3 Bxc4 14. dxc4 Qe6 15. Bxa7 Nxa7 {1-0 (47) Karjakin,S (2760)-Mamedyarov,S (2799) Riadh 2017}) 6... Ba7 7. Bb3 d5 {[%emt 0:01:48] LiveBook: 12 Games} 8. Qe2 dxe4 9. dxe4 O-O 10. g4 $146 ({Predecessor:} 10. Nbd2 Re8 11. Nf1 Be6 12. Bc2 b5 13. Ne3 Nd7 14. O-O Bxe3 15. Qxe3 {1-0 (39) Uuriintuya,U (2255)-Mungunzul,B (1739) Uliastai 2016}) 10... Qe7 11. Nbd2 Be6 12. Bc2 Rfd8 13. Nf1 b5 14. Ne3 Nd7 15. b3 b4 16. Nd5 Qd6 17. Be3 (17. Nxb4 $15 Nxb4 18. cxb4) 17... bxc3 18. Rd1 Bxd5 19. Bxa7 Nxa7 20. Rxd5 Qc6 (20... Qf6 $17 21. O-O c6) 21. Qd3 f6 22. O-O Nb5 23. b4 Kf8 $2 (23... Nd6 $11 {and Black has nothing to worry.}) 24. Ba4 Ke7 25. Rd1 Qe6 $2 (25... Ke8 $16 {was worth a try.}) 26. Nh4 ({Weaker is} 26. Bxb5 axb5 27. Qxc3 c6 $14) 26... g6 {[%emt 0:00:32] [#]} 27. Bxb5 (27. Bb3 $142 $1) 27... axb5 $11 28. Qxc3 Ra6 $2 (28... c6 $14 29. R5d3 Rxa2) 29. Rxb5 (29. Qxc7 $18 Qc6 30. Qxc6 Rxc6 31. g5 (31. Rxb5 Ra8 $16)) 29... Rc6 30. Qd2 (30. Qe3 $16) 30... Rd6 31. Rd5 Nb6 $1 32. Rxd6 Rxd6 33. Qc2 Rxd1+ 34. Qxd1 Qxa2 35. Qc1 Qc4 36. Qh6 Qf7 37. Qe3 Qc4 38. Qh6 Qg8 39. g5 $1 Nd7 40. gxf6+ Nxf6 41. Qg5 Qc4 (41... Qe6 $11) 42. Qxe5+ Qe6 (42... Kf7 $142) 43. Qxc7+ Nd7 44. Qf4 Qxh3 45. Nf3 Nf6 $2 (45... Qe6 $16 46. Kg2 h5) 46. Qe5+ $2 (46. Ng5 $18 Qg4+ 47. Qxg4 Nxg4 48. Nxh7) 46... Qe6 47. Qc5+ Qd6 $18 (47... Ke8 $14 48. Qc3 h5) 1-0

[Event "WWRR Elo 2018"]
[Site "Wachtebeke"]
[Date "2018.02.12"]
[Round "4"]
[White "Sinke, Wim"]
[Black "Roels, Frederik"]
[Result "1-0"]
[ECO "A30"]
[WhiteElo "1887"]
[BlackElo "1914"]
[Annotator "NA RC"]
[PlyCount "71"]
[EventDate "2018.??.??"]
[EventCountry "BEL"]
[SourceTitle "playchess.com"]
[Source "ChessBase"]
[SourceQuality "1"]
[TimeControl "40/5400+30:900+30"]

1. d4 Nf6 2. Nf3 g6 3. g3 b6 4. c4 Bb7 5. Nc3 Bg7 6. Bg2 {[%emt 0:00:48] LiveBook: 52 Games} O-O 7. O-O d6 8. b3 c5 9. Bb2 Nbd7 {[%emt 0:03:53] A30: Symmetrical English: Double Fianchetto and Hedgehog} (9... cxd4 10. Qxd4 Nbd7 11. Qd2 Rc8 12. Rac1 a6 13. Rfd1 Rc7 14. Nd4 Bxg2 15. Kxg2 Qa8+ 16. f3 Rd8 17. e4 e6 18. Nc2 Ne8 19. Ne3 h5 {1-0 (43) Karjakin,S (2785)-Salem,A (2656) Doha 2016}) 10. d5 a6 11. a4 Qc7 12. Qc2 Ne5 $146 ({Better is} 12... e6 $14) ({Predecessor:} 12... Rfe8 13. Rad1 Rad8 14. e3 e6 15. dxe6 fxe6 16. Rd2 {½-½ (70) Dogdu,M (2043)-Inan,C (1845) Manavgat 2016}) 13. Nxe5 dxe5 14. e4 Rad8 15. Rad1 Bc8 16. h3 Nh5 17. Kh2 Bh6 18. Ne2 f5 19. exf5 gxf5 20. Bf3 Nf6 21. Qc3 e4 22. Bg2 Bg7 23. Qc1 e6 24. dxe6 Bxe6 25. f3 exf3 26. Bxf3 Ne4 27. Bxg7 Qxg7 28. Bxe4 fxe4 29. Qe3 (29. Rxd8 $16 Rxd8 30. Nc3) 29... Bf5 $2 (29... Qe5 $14) 30. Nf4 $2 ({Only move:} 30. Rxd8 $18 Rxd8 31. Rxf5) 30... Qh6 ({Better is} 30... Rd4 $14) 31. h4 Qc6 $2 (31... a5 $16) 32. Rxd8 Rxd8 33. Nd5 Rxd5 34. cxd5 Qxd5 35. Qf4 (35. Qg5+ $142 Kf7 36. Rxf5+ Qxf5 37. Qxf5+ Kg7 38. Qxe4) 35... Bg6 36. Qf8# 1-0

[Event "WWRR Elo 2018"]
[Site "Wachtebeke"]
[Date "2018.02.12"]
[Round "4"]
[White "Moens, Patrick"]
[Black "Dauw, Sterre"]
[Result "0-1"]
[ECO "A01"]
[WhiteElo "1870"]
[BlackElo "1942"]
[Annotator "NA RC"]
[PlyCount "74"]
[EventDate "2018.??.??"]
[EventCountry "BEL"]
[SourceTitle "playchess.com"]
[Source "ChessBase"]
[SourceQuality "1"]
[TimeControl "40/5400+30:900+30"]

1. b3 e5 2. Bb2 Nc6 3. e3 Nf6 4. Bb5 Bd6 5. Na3 Na5 {[%emt 0:00:05] A01: Nimzowitsch-Larsen Opening} (5... e4 6. Nc4 Be7 7. Bxc6 dxc6 8. Ne2 O-O 9. O-O c5 10. Ng3 Re8 11. f3 exf3 12. Qxf3 Rf8 13. e4 {1-0 (31) Karjakin,S (2760)-Esipenko,A (2564) Riadh 2017}) 6. Be2 c6 7. c4 O-O 8. Nc2 b6 9. Nf3 Re8 $146 ({Predecessor:} 9... e4 10. Nfd4 Re8 11. f4 c5 12. Nf5 Bf8 13. g4 {0-1 (40) Grabuzova,T (2348)-Karjakin,S (2566) playchess.com INT 2004}) 10. d4 e4 11. Nd2 Bc7 12. Nf1 d5 13. cxd5 cxd5 14. Ng3 Nc6 15. O-O Ne7 16. Rc1 g6 17. f4 exf3 18. Rxf3 Nf5 19. Nxf5 Bxf5 20. h3 (20. Rxf5 $17 gxf5 21. Qf1) 20... Qd6 21. Rf4 $1 {[%emt 0:24:43] [#]} Qe6 $2 ({Black should play} 21... Rxe3 $1 $19 22. Nxe3 Qxf4) 22. Rf3 $1 Qd6 23. Rf4 Qe6 24. Rf3 Be4 25. Bb5 (25. Rf1 $142) 25... Bxf3 26. Qxf3 Re7 27. Rf1 Ne4 28. Ba3 Bd6 29. Bc1 Rc8 30. Bd3 Rc3 31. Bxe4 $2 (31. Qd1) 31... Qxe4 32. Qxe4 Rxe4 33. Na1 Rc8 34. Bd2 f5 35. Kf2 f4 36. Rc1 fxe3+ 37. Bxe3 {[%emt 0:00:21] [#]} Bg3+ $19 0-1

[Event "WWRR Elo 2018"]
[Site "Wachtebeke"]
[Date "2018.02.12"]
[Round "5"]
[White "Wiley, Tom"]
[Black "Vuelban, Virgilio"]
[Result "1/2-1/2"]
[ECO "E90"]
[WhiteElo "2190"]
[BlackElo "2277"]
[Annotator "ChessBase"]
[PlyCount "129"]
[EventDate "2018.??.??"]
[EventCountry "BEL"]
[SourceTitle "playchess.com"]
[Source "ChessBase"]
[SourceQuality "1"]
[TimeControl "40/5400+30:900+30"]

1. d4 Nf6 2. c4 g6 3. Nc3 Bg7 4. e4 d6 5. Nf3 O-O 6. Be3 e5 7. dxe5 dxe5 8. Qxd8 Rxd8 9. Nd5 Nxd5 10. cxd5 c6 11. Bc4 cxd5 12. Bxd5 Nc6 13. Bxc6 bxc6 14. O-O f5 15. Rfc1 Rb8 16. b3 Rb4 17. Rd1 Re8 18. Nd2 fxe4 19. Nc4 Be6 20. Bc5 Rbb8 21. Nd6 Red8 22. Nxe4 a6 23. Be7 Rxd1+ 24. Rxd1 Bd5 25. f3 Kf7 26. Bc5 h6 27. Kf2 Ke6 28. Be3 Bf8 29. Nc5+ Bxc5 30. Bxc5 a5 31. Re1 a4 32. Bd4 axb3 33. Bxe5 Rb7 34. axb3 Kf7 35. Rc1 Rxb3 36. Bd4 Rd3 37. Be3 g5 38. h4 Kg6 39. hxg5 hxg5 40. Rc2 Kf5 41. Rc1 g4 42. fxg4+ Kxg4 43. g3 Ra3 44. Bf4 Kf5 45. Bd6 Rf3+ 46. Ke2 Ke4 47. Bf4 Ra3 48. Kd2 Kd4 49. Bd6 Rd3+ 50. Kc2 Bc4 51. Rh1 Bb3+ 52. Kb2 c5 53. Re1 c4 54. Be5+ Kc5 55. Bc3 Rxg3 56. Re5+ Kd6 57. Ra5 Rg2+ 58. Ka3 Kc6 59. Kb4 Rg8 60. Rc5+ Kd6 61. Be5+ Ke6 62. Bc3 Rg1 63. Re5+ Kd6 64. Ra5 Rb1 65. Ra1 1/2-1/2

[Event "WWRR Elo 2018"]
[Site "Wachtebeke"]
[Date "2018.02.12"]
[Round "5"]
[White "Hummel, Joop"]
[Black "Van Malder, Dries"]
[Result "1/2-1/2"]
[ECO "E14"]
[WhiteElo "1975"]
[BlackElo "2032"]
[Annotator "NA RC"]
[PlyCount "62"]
[EventDate "2018.??.??"]
[EventCountry "BEL"]
[SourceTitle "playchess.com"]
[Source "ChessBase"]
[SourceQuality "1"]
[TimeControl "40/5400+30:900+30"]

1. Nf3 Nf6 2. d4 e6 3. e3 c5 4. Bd3 b6 5. O-O Bb7 6. c4 cxd4 7. exd4 {[%emt 0:00:03] E14: Queen's Indian: Classical Variation (4 e3)} d5 8. Nc3 Nbd7 9. cxd5 Nxd5 10. Bb5 $146 ({Predecessor:} 10. Nxd5 Bxd5 11. Ne5 Nxe5 12. dxe5 Bc6 13. Re1 Bc5 14. Be3 Qd5 {0-1 (30) Panelo Munoz,M (2388)-Cori Tello,J (2648) Vallfogona de Balague 2017}) 10... a6 11. Bxd7+ Qxd7 12. Ne5 Nxc3 ({Black should play} 12... Qc7 $11) 13. Nxd7 ({Of course not} 13. bxc3 Qc7 $11) 13... Nxd1 14. Nxb6 Rd8 15. Rxd1 Bc5 16. Nc4 Bxd4 {[%emt 0:04:24] [#]} 17. Be3 (17. Bf4 $1 $16) 17... Bxe3 18. Rxd8+ Kxd8 19. fxe3 Ke7 20. Rd1 Bd5 21. Nb6 $1 Bxa2 22. Rd7+ Kf6 23. Ra7 Rd8 24. Nd7+ Kf5 25. Kf2 (25. h3 $15) 25... Bc4 {[%emt 0:07:26] [#]} (25... Rc8 $17 26. Kg3 Rc2) 26. g4+ $1 Ke4 27. Nc5+ Kd5 28. Na4 Bb3 (28... Kc6 $17 29. Rxf7 Rb8 30. Rxg7 Rb4) 29. Rxa6 Bxa4 30. Rxa4 Ke5 31. Ke2 Rb8 1/2-1/2

[Event "WWRR Elo 2018"]
[Site "Wachtebeke"]
[Date "2018.02.12"]
[Round "5"]
[White "Dauw, Sterre"]
[Black "Van de Wynkele, Eric"]
[Result "1/2-1/2"]
[ECO "B01"]
[WhiteElo "1942"]
[BlackElo "2016"]
[Annotator "NA RC"]
[PlyCount "97"]
[EventDate "2018.??.??"]
[EventCountry "BEL"]
[SourceTitle "playchess.com"]
[Source "ChessBase"]
[SourceQuality "1"]
[TimeControl "40/5400+30:900+30"]

1. e4 d5 2. exd5 Qxd5 3. Nc3 Qd6 4. d4 Nf6 5. Nf3 c6 6. Ne5 Nbd7 {[%emt 0:00:11] B01: Scandinavian Defence} 7. Nc4 Qc7 8. Qf3 Nb6 9. Bf4 Qd7 10. Nxb6 axb6 11. O-O-O Qg4 (11... Qd8 12. h3 e6 13. Bc4 Be7 14. g4 {½-½ (32) Grischuk,A (2750)-Rapport,R (2698) chess.com INT 2017}) 12. Qxg4 ({White should play} 12. Qe3 $16) 12... Bxg4 13. f3 Be6 14. a4 {[%emt 0:06:26] [#]} O-O-O $146 15. Be2 h5 16. h4 g6 17. Rhe1 Rd7 18. Bf1 Bg7 19. Be5 Rhd8 20. b3 Ne8 21. Ne4 Bh6+ 22. Kb2 f6 23. Bg3 Bf7 24. c3 e5 $1 25. Bf2 f5 (25... Bg7 $11) 26. Ng5 Bxg5 27. hxg5 exd4 28. Rxd4 Rxd4 29. Bxd4 Nc7 (29... c5 $16 {might work better.} 30. Be5 Nc7) 30. Re7 c5 31. Rxf7 cxd4 32. cxd4 Rxd4 33. Kc2 (33. Rg7 $18) 33... Ne6 (33... Nd5 $16) 34. Rf6 Rd6 35. Kc3 Rc6+ 36. Bc4 Nxg5 37. Rxc6+ bxc6 38. Kd4 Kd7 39. f4 Nh7 40. b4 Kd6 41. Bf7 Nf8 {[%emt 0:00:29] [#]} (41... Nf6 $11) 42. a5 (42. g3 $1 $16) 42... bxa5 $1 43. bxa5 h4 $1 44. a6 Kc7 45. a7 Kb7 46. Kc5 Nd7+ 47. Kd6 Nf6 48. Bxg6 Nd5 49. Bxf5 $11 1/2-1/2

[Event "WWRR Elo 2018"]
[Site "Wachtebeke"]
[Date "2018.02.12"]
[Round "5"]
[White "Roels, Frederik"]
[Black "Moens, Patrick"]
[Result "0-1"]
[ECO "B98"]
[WhiteElo "1914"]
[BlackElo "1870"]
[Annotator "NA RC"]
[PlyCount "104"]
[EventDate "2018.??.??"]
[EventCountry "BEL"]
[SourceTitle "playchess.com"]
[Source "ChessBase"]
[SourceQuality "1"]
[TimeControl "40/5400+30:900+30"]

1. e4 c5 2. Nf3 d6 3. d4 cxd4 4. Nxd4 Nf6 5. Nc3 a6 6. Bg5 e6 7. f4 Be7 {[%emt 0:00:05] LiveBook: 2135 Games} 8. Qe2 ({Günstiger ist} 8. Qf3 $14) 8... h6 9. Bxf6 {[%emt 0:00:33] B98: Sicilian Najdorf: 6 Bg5 e6 7 f4 Be7, sidelines} Bxf6 10. O-O-O Qc7 11. h4 (11. Qd2 Bd7 12. Kb1 b5 13. g4 b4 14. Nce2 Nc6 15. Nf3 Be7 16. h4 a5 {½-½ (48) Jobava,B (2669)-Yilmaz,M (2622) Izmir 2016}) 11... Nc6 12. Qc4 $2 $146 ({Predecessor:} 12. Nxc6 $11 {and White stays safe.} bxc6 13. Qd3 (13. Rh3 Rb8 14. b3 g5 15. e5 dxe5 16. fxg5 Be7 {1-0 (36) Hossain,E (2432)-Dao,T (2463) Ashkhabad 2017})) 12... d5 13. Qa4 (13. Nxe6 {was forced.} fxe6 14. exd5 Bxc3 15. dxc6) 13... Bxd4 ({But not} 13... Qxf4+ 14. Kb1 $17) 14. Rxd4 Bd7 $2 ({Less strong is} 14... Qxf4+ 15. Rd2 $17) ({Black should play} 14... b5 $19 15. Bxb5 axb5 16. Qxa8 Nxd4) 15. Rd2 d4 16. Ne2 {[%emt 0:01:26] [#]} d3 $1 17. cxd3 $2 (17. Nc3 $17 {is a better chance.}) 17... Nb4+ $1 18. Rc2 Nxc2 ({Not} 18... Bxa4 19. Rxc7 Nxd3+ 20. Kb1 $17) (18... Rc8 $142 19. Rxc7 Rxc7+ 20. Nc3 Bxa4) 19. Qxc2 Qa5 20. Nc3 b5 21. a3 (21. Kb1 $142) 21... Qb6 22. Qd2 a5 23. Kd1 b4 24. Nb1 Qd4 25. g4 Ba4+ 26. Ke2 Rc8 27. Kf3 Rc2 28. Qe3 Qxe3+ 29. Kxe3 Rxb2 30. Nd2 (30. Be2 $142) 30... bxa3 31. Be2 a2 32. Ra1 Bb5 33. e5 O-O 34. Nc4 Bxc4 35. dxc4 Rd8 36. f5 exf5 37. gxf5 Re8 38. Bd3 Rxe5+ 39. Kd4 f6 40. c5 Kf8 41. Bc4 Rxf5 42. Bxa2 Rb4+ 43. Kd3 Rxc5 44. Rh1 Rh5 45. Rc1 Rb7 46. Rc8+ Ke7 47. Rc4 Re5 48. Rg4 Rd7+ 49. Kc3 Rc5+ 50. Kb2 Rb7+ 51. Ka3 Rc3+ 52. Ka4 {[%emt 0:00:07] [#]} Rb4+ $19 0-1

[Event "WWRR Elo 2018"]
[Site "Wachtebeke"]
[Date "2018.02.13"]
[Round "6"]
[White "Verheyen, Olivier"]
[Black "Dauw, Sterre"]
[Result "1-0"]
[ECO "B90"]
[WhiteElo "2001"]
[BlackElo "1942"]
[Annotator "NA RC"]
[PlyCount "26"]
[EventDate "2018.??.??"]
[EventCountry "BEL"]
[SourceTitle "playchess.com"]
[Source "ChessBase"]
[SourceQuality "1"]
[TimeControl "40/5400+30:900+30"]

1. e4 c5 2. Nf3 d6 3. d4 cxd4 4. Nxd4 Nf6 5. Nc3 a6 6. h3 e5 7. Nde2 h5 8. Bg5 Be6 9. Bxf6 Qxf6 10. Nd5 Qd8 11. Nec3 Nc6 12. Bc4 {[%emt 0:00:00] LiveBook: 7 Games} b5 13. Bb3 g6 $11 1-0

[Event "WWRR Elo 2018"]
[Site "Wachtebeke"]
[Date "2018.02.14"]
[Round "7"]
[White "Van Malder, Dries"]
[Black "Sinke, Wim"]
[Result "1-0"]
[ECO "D90"]
[WhiteElo "2032"]
[BlackElo "1887"]
[Annotator "NA RC"]
[PlyCount "39"]
[EventDate "2018.??.??"]
[EventCountry "BEL"]
[SourceTitle "playchess.com"]
[Source "ChessBase"]
[SourceQuality "1"]
[TimeControl "40/5400+30:900+30"]

1. d4 d5 2. c4 c6 3. Nc3 Nf6 4. Nf3 g6 5. Bf4 dxc4 6. a4 Qa5 $146 {[%emt 0:02:09] D90: Grünfeld: 4 Nf3 Bg7 sidelines} ({Predecessor:} 6... Nd5 7. Bd2 Nb4 8. e4 Be6 9. Be3 Bg7 10. Be2 Nd3+ 11. Bxd3 cxd3 12. Qxd3 Na6 13. O-O O-O 14. Qd2 {1-0 (36) Riazantsev,A (2678)-Looshnikov,N (2490) Khanty-Mansiysk 2014}) 7. e3 Be6 8. Be2 Nd5 9. Be5 f6 10. Bg3 Nxc3 11. Qd2 b5 12. bxc3 Nd7 13. O-O Qd8 $2 ({Better is} 13... bxa4 $14 14. Ra2 Nb6) 14. axb5 cxb5 15. d5 Bg4 16. Nd4 Bxe2 17. Qxe2 Nc5 $2 (17... a6) 18. Nxb5 e5 19. dxe6 Nxe6 20. Qxc4 $18 1-0

[Event "WWRR Elo 2018"]
[Site "Wachtebeke"]
[Date "2018.02.14"]
[Round "7"]
[White "Hummel, Joop"]
[Black "Moens, Patrick"]
[Result "1-0"]
[ECO "A00"]
[WhiteElo "1975"]
[BlackElo "1870"]
[Annotator "NA RC"]
[PlyCount "29"]
[EventDate "2018.??.??"]
[EventCountry "BEL"]
[SourceTitle "playchess.com"]
[Source "ChessBase"]
[SourceQuality "1"]
[TimeControl "40/5400+30:900+30"]

1. d3 f5 2. e4 fxe4 3. dxe4 d6 4. Nc3 c6 5. Bc4 Nf6 6. e5 Nfd7 7. Nf3 Nb6 $2 {[%emt 0:01:59] [#]} (7... d5 $16) 8. Bd3 $1 Na6 (8... Bg4 {might work better.} 9. h3 Bh5) 9. Ng5 g6 10. Qf3 Bf5 $2 (10... Nc5 11. Qf7+ Kd7) 11. Bxf5 gxf5 12. Qxf5 Qc8 13. Qf7+ Kd7 14. exd6 Kxd6 15. Bf4+ 1-0

[Event "WWRR Elo 2018"]
[Site "Wachtebeke"]
[Date "2018.02.15"]
[Round "9"]
[White "Sinke, Wim"]
[Black "Moens, Patrick"]
[Result "1/2-1/2"]
[ECO "A86"]
[WhiteElo "1887"]
[BlackElo "1870"]
[Annotator "NA RC"]
[PlyCount "23"]
[EventDate "2018.??.??"]
[EventCountry "BEL"]
[SourceTitle "playchess.com"]
[Source "ChessBase"]
[SourceQuality "1"]
[TimeControl "40/5400+30:900+30"]

1. g3 f5 2. Bg2 Nf6 3. d4 g6 4. c4 Bg7 5. Nc3 c6 6. e4 fxe4 7. Nxe4 O-O (7... Nxe4 $11 8. Bxe4 d5 9. cxd5 cxd5) 8. Nxf6+ Bxf6 9. Bh6 Qa5+ 10. Qd2 Qxd2+ 11. Kxd2 Re8 12. Ke1 $17 (12. Be3 $11) 1/2-1/2